 Dungeon Crawl Stone Soup version 0.30-a0-165-g1891117ce2 (webtiles) character file.

Game seed: 9304099088209058204

6076 funkygono the Geomancer (level 10, 0/55 HPs)
             Began as a Gargoyle Earth Elementalist on Sept 28, 2022.
             Was an Initiate of Vehumet.
             Slain by a yak (2 damage)
             ... on level 8 of the Dungeon.
             The game lasted 00:17:01 (8867 turns).

funkygono the Geomancer (GrEE)                      Turns: 8867, Time: 00:17:02

Health: 0/55       AC: 15    Str: 21    XL:     10   Next: 88%
Magic:  6/23       EV: 13    Int: 19    God:    Vehumet [......]
Gold:   363        SH:  0    Dex: 16    Spells: 22/28 levels left

rFire   . . .      SeeInvis .    G - +3 flail (protect)
rCold   . . .      Faith    .    (no shield)
rNeg    + . .      Spirit   .    E - +1 robe "Mosibaybb" {+Inv rPois Str+4}
rPois   ∞          Reflect  .    b - +1 helmet
rElec   +          Harm     .    F - +0 cloak
rCorr   .          Rampage  .    t - +1 pair of gloves
Will    .....                    (no boots)
Stlth   ++........               c - amulet "Wufonli" {Regen+ Str+4}
HPRegen 0.98/turn                q - +6 ring of dexterity
MPRegen 0.18/turn                y - ring of wizardry

@: no status effects
A: sickness immunity, AC +7, negative energy resistance 1, electricity
resistance, torment resistance 1, petrification resistance
a: Renounce Religion, Evoke Invisibility


You were on level 8 of the Dungeon.
You worshipped Vehumet.
Vehumet was noncommittal.
You visited 2 branches of the dungeon, and saw 10 of its levels.

You collected 462 gold pieces.
You spent 99 gold pieces at shops.

Inventory:

Hand Weapons
 B - a +0 flail
 G - a +3 flail of protection (weapon)
Missiles
 r - a throwing net (quivered)
Armour
 a - a +0 robe
 b - a +1 helmet (worn)
 m - a +1 animal skin
 o - the +2 ring mail of Duty {-Tele Str+9}
   (You found it on level 3 of the Dungeon)

   Str:       It affects your strength (+9).
   -Tele:     It prevents most forms of teleportation.
 t - a +1 pair of gloves (worn)
 E - the +1 robe "Mosibaybb" (worn) {+Inv rPois Str+4}
   (You took it off a wight on level 7 of the Dungeon)

   Str:       It affects your strength (+4).
   rPois:     It protects you from poison.
   +Inv:      It lets you turn invisible.
 F - a +0 cloak (worn)
Magical Staves
 l - a staff of death
Jewellery
 c - the amulet "Wufonli" (around neck) {Regen+ Str+4}
   (You acquired it on level 4 of the Dungeon)

   [amulet of regeneration]

   Str:       It affects your strength (+4).
   Regen:     It increases your rate of health regeneration.
 q - a +6 ring of dexterity (left hand)
 s - a ring of ice
 y - a ring of wizardry (right hand)
 I - a ring of ice
 K - an amulet of the acrobat
Wands
 x - a wand of iceblast (4)
 D - a wand of acid (6)
 J - a wand of flame (18)
Scrolls
 e - a scroll of fog
 k - 7 scrolls of teleportation
 v - 2 scrolls of immolation
Potions
 d - 3 potions of mutation
 f - 3 potions of might
 h - a potion of lignification {unknown}
 i - a potion of magic
 j - 4 potions of curing
 n - 4 potions of heal wounds {unknown}
 p - a potion of invisibility
 u - a potion of attraction {unknown}
 w - a potion of cancellation {unknown}
 z - a potion of haste {unknown}
 A - a potion of degeneration {unknown}
 C - 5 potions of flight {unknown}
 H - a potion of berserk rage {unknown}


   Skills:
 + Level 2.8 Fighting
 + Level 3.6 Maces & Flails
 + Level 3.6 Dodging
 - Level 2.1 Stealth
 + Level 9.8 Spellcasting
 + Level 5.7 Conjurations
 + Level 0.7 Transmutations
 + Level 11.3 Earth Magic


You had 22 spell levels left.
You knew the following spells:

 Your Spells              Type           Power      Damage    Failure   Level
a - Sandblast             Erth           100%       2d20      1%          1
b - Passwall              Tmut/Erth      26%        N/A       1%          2
c - Stone Arrow           Conj/Erth      82%        3d12      1%          3

Your spell library contained the following spells:

 Spells                   Type           Power      Damage    Failure   Level
 Kiss of Death            Conj/Necr      80%        2d11      1%          1
 Petrify                  Tmut/Erth      32%        N/A       2%          4
 Slow                     Hex            36%        N/A       3%          1
 Wereblood                Tmut           12%        N/A       3%          2
 Ensorcelled Hibernation  Hex/Ice        18%        N/A       4%          2
 Poisonous Vapours        Pois/Air       18%        N/A       4%          2
 Confusing Touch          Hex            9%         N/A       9%          3
 Spider Form              Tmut/Pois      10%        N/A       9%          3
 Vampiric Draining        Necr           9%         2d6       9%          3
 Anguish                  Hex/Necr       4%         N/A       28%         4
 Dispel Undead            Necr           9%         3d8       28%         4
 Summon Ice Beast         Ice/Summ       9%         N/A       28%         4
 Summon Mana Viper        Hex/Summ       9%         N/A       61%         5
 Monstrous Menagerie      Summ           4%         N/A       100%        7
 Summon Hydra             Summ           4%         N/A       100%        7
 Cigotuvi's Dreadful Rot  Necr/Pois/Air  Unusable   N/A       N/A         2
 Sublimation of Blood     Necr           Unusable   N/A       N/A         2

Dungeon Overview and Level Annotations

Branches:
Dungeon (9/15)             Temple (1/1) D:4            Lair (0/5) D:8
    Orc: D:9-12

Altars:
Ashenzari
Cheibriados
Dithmenos
Elyvilon
Fedhas
Gozag
Hepliaklqana
Kikubaaqudgha
Makhleb
Nemelex Xobeh
Okawaru
Qazlal
Ru
Trog
Uskayaw
Vehumet
Wu Jian
Xom
Yredelemnul
The Shining One

Shops:
D:1 ?   D:3 [?=(:


Innate Abilities, Weirdness & Mutations

You are immune to sickness and miasma.
Your stone body is resilient. (AC +7)
You are immune to poison.
You resist negative energy. (rN+)
You are resistant to electric shocks. (rElec)
You are resistant to unholy torment.
You are immune to petrification.


Message History

Unknown command.
Casting: Stone Arrow (safe; 1% risk of failure)
Confirm with . or Enter, or press ? or * to list all spells.
Aiming: Sandblast (safe; 1% risk of failure)
Press: ? - help, Shift-Dir - straight line, f/p - yak
Aim: a yak (moderately wounded, 91% to hit)
The blast of sand hits the yak!
The yak is severely wounded.
The yak gores you.
Casting: Sandblast (safe; 1% risk of failure)
Confirm with . or Enter, or press ? or * to list all spells.
Aiming: Sandblast (safe; 1% risk of failure)
Press: ? - help, Shift-Dir - straight line, f/p - yak
Aim: a yak (severely wounded, 91% to hit)
The blast of sand hits the yak!!
You kill the yak!
Vehumet accepts your kill.
The yak misses you. x2; The yak barely misses you.
Casting: Sandblast (safe; 1% risk of failure)
Confirm with . or Enter, or press ? or * to list all spells.
Aiming: Sandblast (safe; 1% risk of failure)
Press: ? - help, Shift-Dir - straight line, f - yak
Aim: a yak (91% to hit)
The blast of sand hits the yak!
The yak is heavily wounded.
The yak gores you!
* * * LOW HITPOINT WARNING * * *
The yak gores you.
* * * LOW HITPOINT WARNING * * *
Casting: Sandblast (safe; 1% risk of failure)
Confirm with . or Enter, or press ? or * to list all spells.
Aiming: Sandblast (safe; 1% risk of failure)
Press: ? - help, Shift-Dir - straight line, f/p - yak
Aim: a yak (heavily wounded, 91% to hit)
The blast of sand hits the yak!
The yak is severely wounded.
The yak closely misses you. The yak gores you.
* * * LOW HITPOINT WARNING * * *
The yak gores you but does no damage. The yak gores you.
You die...

#..#### ### #.....###..... #.##
###..........# #.# ##########.#
#.# ############ #.#
#........... #.# #...........
####.################...........
#..........)..Y....#########....
#.......).....Y@....#......#....
#.........#...#.....#......#....
#.........#...#.....#......'....
#.........#..Y########..(.##....
####.....##...##...###....#.....
#.....#...........#....#.....
#.....#...........#....#.....
#.....#...........#....#.....
#.....#...........#....#.....


You could see 2 yaks.

Vanquished Creatures
  3 komodo dragons (D:8)
  Prince Ribbit (D:5)
  A wyvern (D:6)
  Eustachio (D:6)
  9 yaks
  An acid dragon (D:8)
  2 water moccasins
  3 black bears (D:6)
  4 sky beasts (D:7)
  An ice beast (D:8)
  An orc warrior (D:7)
  3 ogres
  A centaur (D:5)
  A phantom (D:7)
  2 bullfrogs
  3 scorpions
  A gnoll sergeant (D:7)
  15 wights
  2 howler monkeys
  3 jellies
  3 hounds
  2 iguanas (D:5)
  5 orc wizards
  Robin (D:2)
  10 gnolls
  9 adders
  A shadow imp (D:8)
  4 white imps
  3 ufetubi
  A worm (D:2)
  4 dart slugs
  19 orcs
  7 ball pythons
  5 bats
  11 endoplasms
  7 giant cockroaches
  10 goblins
  5 hobgoblins
  5 jackals (D:4)
  5 kobolds
  2 quokkas
  A frilled lizard (D:2)
  5 rats
183 creatures vanquished.

Notes
Turn   | Place    | Note
-------+----------+-------------------------------------------
     0 | D:1      | funkygono the Gargoyle Earth Elementalist began the quest
                  | for the Orb.
     0 | D:1      | Reached XP level 1. HP: 10/10 MP: 3/3
   185 | D:1      | Reached XP level 2. HP: 15/15 MP: 0/5
   238 | D:1      | Reached skill level 4 in Earth Magic
   702 | D:1      | Reached XP level 3. HP: 19/19 MP: 4/6
   705 | D:1      | Learned a level 2 spell: Passwall
   709 | D:1      | Learned a level 3 spell: Stone Arrow
   997 | D:1      | Found Gecw's Magic Scroll Emporium.
  1004 | D:1      | Bought a scroll of identify for 26 gold pieces
  1218 | D:2      | Reached XP level 4. HP: 24/24 MP: 6/8
  1783 | D:2      | Noticed Robin
  1812 | D:2      | Killed Robin
  2385 | D:2      | Found a faded altar of an unknown god.
  2706 | D:3      | Found Ynoxasho's Armour Shop.
  2709 | D:3      | Identified the +2 ring mail of Duty {-Tele Str+9}
  2740 | D:3      | Found Ader's Weapon Emporium.
  2789 | D:3      | Found Lor Sani's Magic Scroll Shop.
  2800 | D:3      | Bought a scroll of identify for 24 gold pieces
  2816 | D:3      | Bought a +0 pair of gloves for 49 gold pieces
  2927 | D:3      | Reached skill level 5 in Earth Magic
  2975 | D:3      | Found Pidd's Book Shop.
  3030 | D:3      | Found a snail-covered altar of Cheibriados.
  3031 | D:3      | Found a sparkling altar of Nemelex Xobeh.
  3085 | D:3      | Reached XP level 5. HP: 28/28 MP: 7/10
  3112 | D:3      | Found Koxtiv's Jewellery Boutique.
  3789 | D:4      | Found a staircase to the Ecumenical Temple.
  3802 | Temple   | Entered the Ecumenical Temple
  4028 | D:4      | Noticed an ogre
  4036 | D:4      | Killed an ogre
  4037 | D:4      | Reached skill level 1 in Conjurations
  4037 | D:4      | Reached XP level 6. HP: 31/33 MP: 5/12
  4401 | D:4      | Identified a scroll of acquirement
  4401 | D:4      | Acquired the amulet "Wufonli" {Regen+ Str+4}
  4528 | D:5      | Entered Level 5 of the Dungeon
  4563 | D:5      | Noticed Prince Ribbit
  4747 | D:5      | Noticed a water moccasin
  4752 | D:5      | Killed a water moccasin
  4753 | D:5      | Reached skill level 5 in Spellcasting
  4753 | D:5      | Reached skill level 6 in Earth Magic
  4753 | D:5      | Reached XP level 7. HP: 37/37 MP: 11/14
  5254 | D:5      | Reached skill level 1 in Maces & Flails
  5258 | D:5      | Reached skill level 7 in Earth Magic
  5258 | D:5      | Reached XP level 8. HP: 32/42 MP: 8/16
  5381 | D:5      | Killed Prince Ribbit
  5382 | D:5      | Reached skill level 1 in Fighting
  5554 | D:6      | Found an ornate altar of the Wu Jian Council.
  5585 | D:6      | Noticed Eustachio
  5588 | D:6      | Noticed a +0 dagger
  5588 | D:6      | Noticed a +0 hand axe
  5592 | D:6      | Killed Eustachio
  5593 | D:6      | Found a hide-covered altar of Uskayaw.
  5627 | D:6      | Reached skill level 8 in Earth Magic
  5771 | D:6      | Reached XP level 9. HP: 43/47 MP: 19/19
  6229 | D:6      | Reached skill level 5 in Conjurations
  6229 | D:6      | Reached skill level 9 in Earth Magic
  7069 | D:7      | Identified the +1 robe "Mosibaybb" {+Inv rPois Str+4}
  7139 | D:7      | Reached XP level 10. HP: 53/53 MP: 17/22
  7188 | D:7      | Reached skill level 10 in Earth Magic
  8413 | D:8      | Reached skill level 11 in Earth Magic
  8548 | D:8      | Found a staircase to the Lair.
  8672 | D:8      | Found a radiant altar of Vehumet.
  8690 | D:8      | Became a worshipper of Vehumet
  8866 | D:8      | HP: 2/55 [yak (5)]
  8867 | D:8      | Slain by a yak

Illustrated notes

Levels and vault maps discovered:
D:1:      eino_arrival_water_star, layout_basic, serial_shops, shop,
          minmay_misc_feat_diagonals
D:2:      layout_basic, shapermc_ecumenical_altar_hornbeckon, chequers_jeans,
          uniq_robin
D:3:      layout_rooms, gammafunk_temple_overflow_pools, serial_shops,
          shop_scrolls, nicolae_shop_crystal, shop, nicolae_shop_waterfront,
          shop
D:4:      layout_loops_ring, minmay_temple_entry_statues,
          kennysheep_generic_room_15
D:5:      layout_basic, minivault_1, uniq_prince_ribbit1
D:6:      layout_cave_pods, mainiacjoe_overflow_boulevard,
          dancing_weapons_uskayaw, uniq_eustachio
D:7:      layout_basic, hangedman_decor_points
D:8:      layout_gridville, nicolae_vehumet_altar_sigil, erik_lair_dragon
D:9:      layout_loops_cross, serial_shops, shop
Temple:   eino_wide_crystal_templ

Skill      XL: |  1  2  3  4  5  6  7  8  9 10 |
---------------+-------------------------------+-----
Earth Magic    | 4 5 6 7 8 9 11 | 11.3
Spellcasting   | 3 4 5 6 8 9 |  9.8
Dodging        | 2 3 |  3.6
Conjurations   | 1 2 4 5 |  5.7
Maces & Flails | 1 2 3 |  3.6
Fighting       | 1 2 |  2.8
Stealth        | |  2.1
Transmutations | |  0.7

Action                   |  1- 3 |  4- 6 |  7- 9 | 10-12 || total
-------------------------+-------+-------+-------+-------++-------
Melee: Unarmed           |    10 |       |       |       ||    10
       Club              |     1 |    27 |       |       ||    28
       Punch             |       |     1 |       |       ||     1
       Flail             |       |     2 |    38 |    36 ||    76
 Cast: Sandblast         |    44 |   104 |   118 |    50 ||   316
       Stone Arrow       |       |       |    11 |    29 ||    40
  Use: Scroll            |     1 |    13 |     1 |     1 ||    16
       Potion            |       |     1 |       |       ||     1
Armor: Robe              |     7 |     9 |       |    45 ||    61
       Animal skin       |       |    24 |    52 |       ||    76
Dodge: Dodged            |    26 |    56 |    78 |    55 ||   215

Table legend: (Time is in decaauts)
 A = Elapsed time spent in this place.
 B = Non-inter-level travel time spent in this place.
 C = Inter-level travel time spent in this place.
 D = Time resting spent in this place.
 E = Time spent auto-exploring this place.
 F = Levels seen in this place.
 G = Mean time per level.
                   A        B        C        D        E       F      G
               +--------+--------+--------+--------+--------+-----+--------+
         Total |   9057 |   8849 |    208 |    956 |   6173 |  10 |  905.7 |
       Dungeon |   8997 |   8803 |    194 |    956 |   6139 |   9 |  999.7 |
        Temple |     59 |     46 |     13 |      0 |     34 |   1 |   59.0 |
               +--------+--------+--------+--------+--------+-----+--------+

Top non-repeatable levels by time:
     D:2: 1570 daAuts
     D:4: 1367 daAuts
     D:7: 1214 daAuts
     D:1: 1181 daAuts
     D:6: 1106 daAuts
     D:8: 1102 daAuts
     D:5: 965 daAuts
     D:3: 480 daAuts
  Temple: 59 daAuts
     D:9: 10 daAuts
